 Dungeon Crawl Stone Soup version 0.28-a0-1510-gd0f6b136d3 (webtiles) character file.

Game seed: 16186379627473552047

324 horus123 the Firebug (level 6, -4/42 HPs)
             Began as an Octopode Cinder Acolyte on Jan 15, 2022.
             Was a High Priest of Ignis.
             Slain by Pikel (5 damage)
             ... on level 4 of the Dungeon.
             The game lasted 00:08:46 (4000 turns).

horus123 the Firebug (Octopode Cinder Acolyte)      Turns: 4000, Time: 00:08:46

Health: -4/42      AC:  1    Str: 14    XL:     6   Next: 48%
Magic:  0/9        EV: 12    Int: 18    God:    Ignis [*****.]
Gold:   84         SH:  0    Dex:  7    Spells: 7/9 levels left

rFire   + . .      SeeInvis .   a - -1 mace (flame)
rCold   . . .      Faith    .   (no shield)
rNeg    . . .      Spirit   .   (helmet restricted)
rPois   .          Reflect  .   (no amulet)
rElec   .          Harm     .   h - ring of flight
rCorr   .          Rampage  .   (no ring)
Will    .....                   (no ring)
Stlth   ++........              (no ring)
HPRegen 0.14/turn               (no ring)
MPRegen 0.11/turn               (no ring)
                                (no ring)
                                (no ring)

@: flying
A: almost no armour, amphibious, 8 rings, camouflage 1, gelatinous body 1,
(nimble swimmer 1), tentacles
a: Renounce Religion, Fiery Armour, Foxfire Swarm, Rising Flame


You were on level 4 of the Dungeon.
You worshipped Ignis.
Ignis was extremely pleased with you.
You visited 1 branch of the dungeon, and saw 4 of its levels.

You collected 84 gold pieces.

Inventory:

Hand Weapons
 a - a -1 mace of flaming (weapon)
 m - a +4 quarterstaff of chaos
Jewellery
 h - a ring of flight (left tentacle)
Wands
 i - a wand of flame (17)
 j - a wand of iceblast (5)
 n - a wand of digging (6)
Scrolls
 g - a scroll of fear
Potions
 b - a potion of might {unknown}
 c - a potion of resistance {unknown}
 d - a potion of lignification {unknown}
 e - a potion of curing
 f - 2 potions of ambrosia {unknown}
 k - 2 potions of invisibility {unknown}
 l - 2 potions of heal wounds {unknown}


   Skills:
 - Level 3.0 Fighting
 - Level 4.3 Maces & Flails
 - Level 2.0 Spellcasting
 - Level 4.4 Fire Magic
 + Level 4.0 Evocations


You had 7 spell levels left.
You knew the following spells:

 Your Spells              Type           Power      Damage    Failure   Level
a - Scorch                Fire           34%        2d6       4%          2

Your spell library contained the following spells:

 Spells                   Type           Power      Damage    Failure   Level


Dungeon Overview and Level Annotations

Branches:
Dungeon (4/15)
 Temple: D:4-7

Altars:

Annotations:
D:4 Pikel


Innate Abilities, Weirdness & Mutations

You cannot wear most types of armour.
You are amphibious.
You can wear up to eight rings at the same time.
Your skin changes colour to match your surroundings (Stealth+).
Your rubbery body absorbs attacks. (AC +1, EV +1)
((You are camouflaged when in or above water. (Stealth+)))
You have tentacles for arms and can constrict up to eight enemies at once.


Message History

Casting: Scorch (safe; 4% risk of failure)
Confirm with . or Enter, or press ? or * to list all spells.
Flames lash the lemure.
The lemure is almost dead.
A scorpion comes into view.
The lemure hits you!
Casting: Scorch (safe; 4% risk of failure)
Confirm with . or Enter, or press ? or * to list all spells.
You don't have enough magic to cast this spell.
Found a stone staircase leading up.
You hit the lemure. You burn the lemure.
You kill the lemure!
That felt strangely unrewarding.
Pikel hits you with a +2 whip of freezing!
Pikel freezes you.
Casting: Scorch (safe; 4% risk of failure)
Confirm with . or Enter, or press ? or * to list all spells.
Flames lash Pikel.
Pikel is lightly wounded.
Pikel's fire resistance burns away.
Pikel misses you.
You hit Pikel. You burn Pikel. Your grab misses Pikel.
Pikel is moderately wounded.
Pikel misses you.
You barely miss Pikel. You grab Pikel.
Pikel is moderately wounded.
You constrict Pikel.
Pikel hits you with a +2 whip of freezing!
* * * LOW HITPOINT WARNING * * *
Pikel freezes you.
* * * LOW HITPOINT WARNING * * *
You feel better.
You constrict Pikel.
Pikel hits you with a +2 whip of freezing!
* * * LOW HITPOINT WARNING * * *
Pikel freezes you.
* * * LOW HITPOINT WARNING * * *
You hit Pikel but do no damage.
Pikel is heavily wounded.
You constrict Pikel, but do no damage.
Pikel hits you with a +2 whip of freezing.
You die...

......#
##.†...#
......#
#.....#
#<....#
##5†...#
#55....#
#K#.####
#@#.#
#.#.#
#.#.#
..<.#
...##
#...#
##..#
..##


You could see Pikel (combustible) and 3 lemures.

Vanquished Creatures
  A lemure (D:4)
  3 orc priests (D:3)
  Crazy Yiuf (D:3)
  Ijyb (D:3)
  An orc wizard (D:3)
  Natasha (thrice) (D:2)
  2 adders
  2 worms
  3 dart slugs
  2 orcs (D:3)
  4 ball pythons
  6 bats
  7 endoplasms
  4 giant cockroaches
  3 goblins (D:1)
  4 hobgoblins
  2 jackals (D:1)
  4 kobolds
  A quokka (D:1)
  3 rats
57 creatures vanquished.

Vanquished Creatures (others)
  31 foxfires
31 creatures vanquished.

Grand Total: 88 creatures vanquished

Notes
Turn   | Place    | Note
-------+----------+-------------------------------------------
     0 | D:1      | horus123 the Octopode Cinder Acolyte began the quest for
                  | the Orb.
     0 | D:1      | Reached XP level 1. HP: 16/16 MP: 2/2
   174 | D:1      | Reached XP level 2. HP: 15/21 MP: 3/3
  1028 | D:2      | Reached XP level 3. HP: 24/26 MP: 4/4
  1031 | D:2      | Learned a level 2 spell: Scorch
  1569 | D:2      | Noticed Natasha
  1575 | D:2      | Killed Natasha
  1576 | D:2      | Reached XP level 4. HP: 10/31 MP: 5/5
  2067 | D:2      | Noticed Natasha
  2071 | D:2      | Killed Natasha
  2109 | D:2      | Noticed Natasha
  2114 | D:2      | Killed Natasha
  2454 | D:3      | Reached XP level 5. HP: 26/36 MP: 5/7
  2599 | D:3      | Noticed Ijyb
  2602 | D:3      | Killed Ijyb
  2656 | D:3      | Reached skill level 1 in Evocations
  2660 | D:3      | Reached XP level 6. HP: 12/42 MP: 3/9
  3586 | D:3      | Found a runed translucent door.
  3587 | D:3      | Noticed Crazy Yiuf
  3813 | D:3      | Killed Crazy Yiuf
  3983 | D:4      | Noticed Pikel
  3999 | D:4      | HP: 1/42 [Pikel (5)]
  4000 | D:4      | Slain by Pikel

Illustrated notes

Levels and vault maps discovered:
D:1:      minmay_arrival_doors, layout_basic
D:2:      layout_basic, uniq_natasha
D:3:      layout_loops_corners, uniq_ijyb, uniq_crazy_yiuf_cottage
D:4:      layout_rooms, uniq_pikel, uniq_blork_the_orc, uniq_menkaure

Skill      XL: |  1  2  3  4  5  6 |
---------------+-------------------+-----
Maces & Flails | 4 |  4.3
Fire Magic     | 4 |  4.4
Spellcasting   | 2 |  2.0
Evocations     | 3 4 |  4.0
Fighting       | |  3.0

Action                   |  1- 3 |  4- 6 || total
-------------------------+-------+-------++-------
Melee: Mace              |    61 |    40 ||   101
       Tentacles         |     8 |     8 ||    16
       Constrict         |    12 |    11 ||    23
       Punch             |     1 |       ||     1
 Cast: Scorch            |     3 |    16 ||    19
Invok: Foxfire Swarm     |       |     2 ||     2
Evoke: Wand              |       |     3 ||     3
  Use: Scroll            |     5 |     2 ||     7
       Potion            |       |     1 ||     1
 Stab: Sleeping          |     4 |     4 ||     8
Armor: Skin              |    12 |     5 ||    17
Dodge: Dodged            |    40 |    20 ||    60

Table legend: (Time is in decaauts)
 A = Elapsed time spent in this place.
 B = Non-inter-level travel time spent in this place.
 C = Inter-level travel time spent in this place.
 D = Time resting spent in this place.
 E = Time spent auto-exploring this place.
 F = Levels seen in this place.
 G = Mean time per level.
                   A        B        C        D        E       F      G
               +--------+--------+--------+--------+--------+-----+--------+
         Total |   4018 |   3950 |     68 |    882 |   2665 |   4 | 1004.5 |
       Dungeon |   4018 |   3950 |     68 |    882 |   2665 |   4 | 1004.5 |
               +--------+--------+--------+--------+--------+-----+--------+

Top non-repeatable levels by time:
     D:3: 1657 daAuts
     D:2: 1328 daAuts
     D:1: 1014 daAuts
     D:4: 17 daAuts
